 Dungeon Crawl Stone Soup version 0.31-a0-640-g39d97e502b (webtiles) character file.

Game seed: 9947875697968772032

231 qw the Shooter (level 6, 0/37 HPs)
             Began as a Gargoyle Hunter on Aug 27, 2023.
             Slain by Pikel
             ... wielding a +0 whip of flaming
              (4 damage)
             ... on level 3 of the Dungeon.
             The game lasted 00:00:56 (2570 turns).

qw the Shooter (Gargoyle Hunter)                    Turns: 2570, Time: 00:00:57

Health: 0/37       AC: 10    Str: 14    XL:     6   Next: 3%
Magic:  5/5        EV: 11    Int: 10    God:
Gold:   117        SH:  0    Dex: 15    Spells: 5/5 levels left

rFire   . . .        Y - +0 shortbow
rCold   . . .        (shield currently unavailable)
rNeg    + . .        h - +3 leather armour
rPois   inf          (no helmet)
rElec   +            (no cloak)
rCorr   .            (no gloves)
SInv    .            (no boots)
Will    .....        (no amulet)
Stlth   ++           (no ring)
HPRegen 0.26/turn    (no ring)
MPRegen 0.09/turn

%: no passive effects
@: no status effects
A: sickness immunity, AC +4, negative energy resistance 1, electricity
resistance, torment resistance 1, petrification resistance, low MP 1
a: no special abilities


You were on level 3 of the Dungeon.
You visited 1 branch of the dungeon, and saw 4 of its levels.

You collected 117 gold pieces.


Innate Abilities, Weirdness & Mutations

You are immune to sickness and miasma.
Your stone body is resilient. (AC +4)
You are immune to poison.
You resist negative energy. (rN+)
You are resistant to electric shocks. (rElec)
You are resistant to unholy torment.
You are immune to petrification.
Your magical capacity is low. (-10% MP)


   Skills:
 + Level 3.5 Fighting
 - Level 6.5 Ranged Weapons
 - Level 1.5 Dodging
 - Level 1.1 Stealth


You had 5 spell levels left.
You didn't know any spells.
Your spell library was empty.

Inventory:

Hand Weapons
 Y - a +0 shortbow (weapon)
Armour
 h - a +3 leather armour (worn)
Jewellery
 i - a ring of fire
Potions
 b - a potion of haste {unknown}
 d - a potion of degeneration {unknown}
 e - a potion of might {unknown}
 g - a potion of curing {unknown}
 l - a potion of enlightenment {unknown}

Dungeon Overview and Level Annotations

Branches:
Dungeon (4/15)
 Temple: D:4-7

Altars:
Ashenzari
Makhleb
Xom
Yredelemnul

Annotations:
D:3 Pikel


Message History

Pikel burns you.
You shoot an arrow. The arrow hits Pikel.
Pikel is moderately wounded.
Pikel hits you with a +0 whip of flaming.
Pikel burns you.
You shoot an arrow. The arrow barely misses Pikel.
Pikel hits you with a +0 whip of flaming.
Pikel burns you.
You shoot an arrow.
The arrow hits Pikel but does no damage.
Pikel is moderately wounded.
Pikel hits you with a +0 whip of flaming.
Pikel burns you.
You shoot an arrow.
The arrow hits Pikel but does no damage.
Pikel is moderately wounded.
Pikel completely misses you.
You shoot an arrow. The arrow hits Pikel.
Pikel is moderately wounded.
Pikel hits you but does no damage.
You shoot an arrow.
The arrow hits Pikel but does no damage.
Pikel is moderately wounded.
Pikel barely misses you.
You shoot an arrow. The arrow hits Pikel!
Pikel is heavily wounded.
Pikel hits you with a +0 whip of flaming.
Pikel burns you.
You shoot an arrow. The arrow hits Pikel.
Pikel is severely wounded.
Pikel hits you with a +0 whip of flaming.
Pikel burns you.
You shoot an arrow. The arrow hits Pikel.
Pikel is severely wounded.
Pikel hits you but does no damage.
You shoot an arrow. The arrow barely misses Pikel.
Pikel hits you but does no damage.
Pikel hits you with a +0 whip of flaming.
You die...
Pikel says, "See you in Hell!"

#.# #.###..... #.#
#.# ##.... #.# ##.#
##### #.# #..# #.#
#..# #.# #..########
####.######..#.......
#...K........#..#####
#.##@##.##.....%77777
#.##.##.###.###7.%...
#.##.##.# #.###7.¤~~~
#.##.##.# #....7~¤.~¤
########.##.##.#
#####7¤.~.¤
#.......<##.##.#
###7¤¤¤.¤
#.#########.##.#
#..7¤.~.. #.#
#.#..#####.#7¤¤(¤~
#.#
#..........#7.~~~~


You could see Pikel.

Vanquished Creatures
  An ogre (D:4)
  A lemure (D:4)
  An iguana (D:4)
  An orc wizard (D:3)
  3 adders (D:3)
  2 worms
  2 dart slugs
  8 orcs
  4 ball pythons
  2 endoplasms
  4 giant cockroaches
  3 goblins
  3 hobgoblins
  6 jackals (D:3)
  3 kobolds
  2 quokkas (D:3)
  4 bats
  4 rats (D:3)
54 creatures vanquished.

Notes
Turn   | Place    | Note
-------+----------+-------------------------------------------
     0 | D:1      | qw the Gargoyle Hunter began the quest for the Orb.
     0 | D:1      | Reached XP level 1. HP: 12/12 MP: 1/1
     0 | D:1      | 0 ||| qw: Version: 0.3-a-74-g0d5e918
     0 | D:1      | 0 ||| qw: Game counter: 98
     0 | D:1      | 0 ||| qw: Melee chars always use a shield: true
     0 | D:1      | 0 ||| qw: God list: Okawaru
     0 | D:1      | 0 ||| qw: Allow faded altars: false
     0 | D:1      | 0 ||| qw: Do Orc after clearing Dungeon:15 true
     0 | D:1      | 0 ||| qw: Do second Lair branch before Depths: true
     0 | D:1      | 0 ||| qw: Lair rune preference: random
     0 | D:1      | 0 ||| qw: Goals: Normal
     0 | D:1      | 0 ||| PLANNING D:1-11
    75 | D:1      | Reached XP level 2. HP: 17/17 MP: 2/2
   247 | D:1      | Found a faded altar of an unknown god.
   857 | D:1      | 857 ||| UPGRADING to +0 ring mail.
   867 | D:1      | 867 ||| DROPPING +0 leather armour.
   868 | D:1      | 868 ||| UPGRADING to +3 leather armour.
   878 | D:1      | 878 ||| DROPPING +0 ring mail.
   879 | D:1      | 879 ||| DROPPING scroll of butterflies.
  1066 | D:2      | Reached XP level 3. HP: 21/21 MP: 3/3
  1097 | D:2      | Identified the +1 short sword of the Singing Fool {drain,
                  | rElec Str+3 Stlth+}
  1440 | D:2      | 1440 ||| READING scroll labelled IFIYGOCAOC.
  1473 | D:3      | Found a basalt altar of Yredelemnul.
  1481 | D:3      | Reached skill level 5 in Ranged Weapons
  1506 | D:3      | Found a burning altar of Makhleb.
  1509 | D:3      | Found a broken altar of Ashenzari.
  1524 | D:3      | Reached skill level 3 in Fighting
  1531 | D:3      | Found a shimmering altar of Xom.
  1563 | D:3      | Reached XP level 4. HP: 8/28 MP: 4/4
  2249 | D:3      | 2249 ||| READING scroll labelled ETHETHR DOOLI.
  2250 | D:3      | 2250 ||| READING scroll labelled MUMEFY JOOSE.
  2251 | D:3      | 2251 ||| READING 3 scrolls labelled VORITE RUODGH.
  2252 | D:3      | 2252 ||| READING scroll labelled WYERHERAID.
  2253 | D:3      | 2253 ||| DRINKING 2 purple potions.
  2253 | D:3      | Gained mutation: You have an increased reservoir of magic.
                  | (+10% MP) [potion of mutation]
  2253 | D:3      | Gained mutation: You are frail. (-10% HP) [potion of
                  | mutation]
  2253 | D:3      | Gained mutation: You have a pair of small horns on your
                  | head. [potion of mutation]
  2254 | D:3      | 2254 ||| DRINKING potion of mutation.
  2254 | D:3      | Lost mutation: You have a pair of small horns on your head.
                  | [potion of mutation]
  2254 | D:3      | Lost mutation: You have an increased reservoir of magic.
                  | (+10% MP) [potion of mutation]
  2254 | D:3      | Lost mutation: You are frail. (-10% HP) [potion of
                  | mutation]
  2254 | D:3      | Gained mutation: Your magical capacity is low. (-10% MP)
                  | [potion of mutation]
  2267 | D:3      | 2267 ||| DROPPING 2 scrolls of fog.
  2288 | D:4      | 2288 ||| STAIRDANCE
  2329 | D:4      | Noticed an ogre
  2330 | D:4      | 2330 ||| FLEEEEING.
  2332 | D:4      | 2332 ||| STAIRDANCE
  2400 | D:4      | Reached XP level 5. HP: 32/32 MP: 4/4
  2409 | D:4      | Killed an ogre
  2410 | D:4      | Reached skill level 6 in Ranged Weapons
  2481 | D:4      | Noticed a lemure
  2482 | D:4      | 2482 ||| RETREATING.
  2489 | D:4      | Reached XP level 6. HP: 31/37 MP: 5/5
  2518 | D:4      | 2518 ||| FLEEEEING.
  2518 | D:4      | Noticed Pikel
  2519 | D:4      | 2519 ||| FLEEEEING.
  2520 | D:4      | 2520 ||| STAIRDANCE
  2545 | D:3      | 2545 ||| READING scroll labelled AKLOUS YFEUCAD.
  2546 | D:3      | 2546 ||| READING scroll labelled KAFYHU KEZXEE.
  2549 | D:4      | 2549 ||| STAIRDANCE
  2563 | D:3      | HP: 7/37 [Pikel/+0 whip of flaming (3)]
  2568 | D:3      | HP: 5/37 [Pikel/+0 whip of flaming (1)]
  2570 | D:3      | Slain by Pikel

Levels and vault maps discovered:
D:1:      dpeg_arrival_court, layout_basic, hellmonk_ecumenical_altar_run_dry
D:2:      layout_loops_ring, minmay_misc_feat_diagonals
D:3:      layout_loops_ring, mainiacjoe_overflow_paths,
          grunt_temple_overflow_cloverleaf
D:4:      layout_rooms, nicolae_shop_i_like_small_books_too, uniq_pikel

Skill      XL: |  1  2  3  4  5 |
---------------+----------------+-----
Ranged Weapons | 5 6 |  6.5
Fighting       | 3 |  3.5
Dodging        | |  1.5
Stealth        | |  1.1

Action                     |  1- 3 |  4- 6 || total
---------------------------+-------+-------++-------
   Fire: Shortbow          |    95 |   127 ||   222
    Use: Scroll            |     1 |     6 ||     7
         Potion            |       |     2 ||     2
 Armour: Leather armour    |    21 |    26 ||    47
  Dodge: Dodged            |    22 |    46 ||    68

Table legend:
 A = Non-vault XP
 B = Vault XP
 C = Vault XP percentage of total XP
 D = Non-vault monster count
 E = Vault monster count
 F = Vault count percentage of total count
                 A         B        C        D         E       F
            +---------+---------+-------+---------+---------+-------
      Total |     330 |       0 |   0.0 |      53 |       0 |   0.0
            +---------+---------+-------+---------+---------+-------
        D:1 |      22 |       0 |   0.0 |      11 |       0 |   0.0
        D:2 |      16 |       0 |   0.0 |       6 |       0 |   0.0
        D:3 |     114 |       0 |   0.0 |      27 |       0 |   0.0
        D:4 |     178 |       0 |   0.0 |       9 |       0 |   0.0
            +---------+---------+-------+---------+---------+-------
